[Event "Titled Tuesday Blitz March 08 Early 2022"]
[White "Hryshchenko, Kamila"]
[Black "Maung, Maung Kyaw Zaw Hein"]
[WhiteFideId "14147491"]
[BlackFideId "13001698"]
[WhiteElo "1929"]
[BlackElo "1785"]
[Result "1-0"]
[Round "06"]
[TimeControl "180+1"]
[Date "2022.03.09"]
[WhiteClock "0:01:54"]
[BlackClock "0:02:02"]

1. e4 c6 2. d4 d5 3. e5 c5 4. dxc5 Nc6 5. Nf3 e6 6. Be2 Bxc5 7. O-O Nge7 8. Re1 O-O 9. Bd3 Ng6 10. c3 Bd7 11. Qe2 Qc7 12. h4 Rfd8 13. h5 Nf8 14. h6 g6 15. Nh2 Be8 16. Qf3 Nxe5 17. Qf6 Bxf2+ 18. Kh1 1-0


[Site "https://www.chess.com"]

[Event "Titled Tuesday Blitz March 08 Early 2022"]
[White "Hua, Lefong"]
[Black "Chigaev, Maksim"]
[WhiteFideId "2602253"]
[BlackFideId "4108116"]
[WhiteElo "2617"]
[BlackElo "2502"]
[Result "0-1"]
[Round "06"]
[TimeControl "180+1"]
[Date "2022.03.08"]
[WhiteClock "0:01:31"]
[BlackClock "0:01:02"]

1. d4 Nf6 2. c4 g6 3. Nc3 d5 4. cxd5 Nxd5 5. e4 Nxc3 6. bxc3 Bg7 7. Nf3 c5 8. Rb1 O-O 9. Be2 cxd4 10. cxd4 Qa5+ 11. Bd2 Qxa2 12. O-O Bg4 13. Bg5 h6 14. Bh4 g5 15. Bg3 a5 16. Rxb7 a4 17. h3 Bh5 18. Re1 a3 19. Nxg5 Bxe2 20. Rxe2 Qxe2 21. Qxe2 a2 22. Nxf7 a1=Q+ 23. Kh2 Rxf7 24. Bxb8 Qa6 25. Qb2 Bxd4 26. Qb3 Qf6 0-1


[Site "https://www.chess.com"]

[Event "Titled Tuesday Blitz March 08 Early 2022"]
[White "Ianov, Viktor"]
[Black "Dwilewicz, Katarzyna"]
[WhiteFideId "14102730"]
[BlackFideId "1148486"]
[WhiteElo "2161"]
[BlackElo "1907"]
[Result "0-1"]
[Round "06"]
[TimeControl "180+1"]
[Date "2022.03.09"]
[WhiteClock "0:01:25"]
[BlackClock "0:00:22"]

1. Nf3 Nf6 2. g3 b6 3. Bg2 Bb7 4. c4 g6 5. O-O Bg7 6. Nc3 O-O 7. d3 d5 8. cxd5 Nxd5 9. Bd2 Nd7 10. Rc1 c5 11. a3 Rc8 12. Nxd5 Bxd5 13. b4 Bb2 14. bxc5 Bxc1 15. Qxc1 Nxc5 16. Qb2 f6 17. Rd1 Qd6 18. Bh6 Rfd8 19. h4 Na4 20. Qa1 Rc3 21. e4 Bxe4 22. Ne1 Bxg2 23. Nxg2 Qxa3 24. Qb1 Qb3 25. Qa1 Rcxd3 26. Rxd3 Rxd3 27. Ne3 a5 28. h5 Nb2 29. Qc1 Rd1+ 30. Nxd1 Qxd1+ 31. Qxd1 Nxd1 32. hxg6 hxg6 33. Kf1 Kf7 34. Ke2 Nc3+ 35. Kd3 Nd5 36. Kc4 Ke6 37. Bd2 Kd6 38. g4 e5 39. g5 f5 40. Kb5 e4 41. Bc1 f4 42. Kc4 e3 43. fxe3 fxe3 44. Kd3 b5 45. Bxe3 Nxe3 46. Kxe3 Ke5 0-1


[Site "https://www.chess.com"]

[Event "Titled Tuesday Blitz March 08 Early 2022"]
[White "Ibraev, Vasilij"]
[Black "Obad, Andrija"]
[WhiteFideId "4175190"]
[BlackFideId "14412276"]
[WhiteElo "2121"]
[BlackElo "2270"]
[Result "1-0"]
[Round "06"]
[TimeControl "180+1"]
[Date "2022.03.09"]
[WhiteClock "0:00:37"]
[BlackClock "0:00:17"]

1. c4 e5 2. Nc3 Nf6 3. e3 c5 4. Nf3 Nc6 5. d3 d5 6. cxd5 Nxd5 7. Be2 Be7 8. O-O O-O 9. Qc2 Be6 10. a3 Rc8 11. Nxd5 Qxd5 12. Bd2 Rfd8 13. Bc3 f6 14. Qa4 Qd7 15. Rfe1 Nd4 16. Qxd7 Nxe2+ 17. Rxe2 Rxd7 18. Rd2 Rcd8 19. Ne1 b5 20. Ba5 Rc8 21. Rc1 Kf7 22. Kf1 Rc6 23. Ke2 Ra6 24. Bc3 b4 25. axb4 cxb4 26. Nf3 Bg4 27. h3 Bh5 28. g4 Bg6 29. Bxe5 h5 30. Bd4 hxg4 31. hxg4 Ke8 32. Rdc2 Bf7 33. Rc7 Bd8 34. Rxd7 Kxd7 35. Nh4 Be6 36. f3 Ra2 37. Ng2 Bb6 38. Rc2 b3 39. Rd2 Ba5 40. Rd1 Bb6 41. Bxb6 Rxb2+ 42. Rd2 Rxd2+ 43. Kxd2 axb6 44. Kc3 g5 45. Ne1 Kc6 46. d4 Kb5 47. Nd3 Ka4 48. Kb2 Bc4 49. Ne1 Be2 50. e4 Kb4 51. d5 Bb5 52. d6 Bc6 53. Nd3+ Kc4 54. Nc1 Kd4 55. Nxb3+ Ke3 56. Kc3 Kxf3 57. Nd4+ Kxe4 58. Nxc6 Kd5 59. d7 Kxc6 60. d8=Q b5 61. Qxf6+ Kc5 62. Qxg5+ Kb6 63. Qd5 1-0


[Site "https://www.chess.com"]

[Event "Titled Tuesday Blitz March 08 Early 2022"]
[White "Iljin, Timofey"]
[Black "Ezat, Mohamed"]
[WhiteFideId "14110180"]
[BlackFideId "10600906"]
[WhiteElo "2396"]
[BlackElo "2386"]
[Result "1-0"]
[Round "06"]
[TimeControl "180+1"]
[Date "2022.03.09"]
[WhiteClock "0:00:06"]
[BlackClock "0:00:29"]

1. e4 c5 2. c3 g6 3. d4 cxd4 4. cxd4 Bg7 5. Nf3 Nf6 6. Nc3 d6 7. Bc4 O-O 8. O-O Bg4 9. h3 Bxf3 10. Qxf3 Nc6 11. Be3 Nd7 12. Rad1 e5 13. dxe5 Ndxe5 14. Qe2 Nxc4 15. Qxc4 a6 16. Qb3 b5 17. Qd5 Ne5 18. Qxd6 Qxd6 19. Rxd6 Nc4 20. Rc6 Nxb2 21. Nd5 Nc4 22. Bc5 Rfd8 23. f4 Bf8 24. Bd4 Bg7 25. Bc5 Kh8 26. Be7 Rd7 27. Bf6 Nd2 28. Bxg7+ Kxg7 29. Re1 Re8 30. Nf6 Red8 31. Nxd7 Rxd7 32. e5 Rd4 33. e6 fxe6 34. Rcxe6 a5 35. Re7+ Kh6 36. R7e2 Nc4 37. Re4 Rd2 38. a4 Nd6 39. Re5 b4 40. Rxa5 b3 41. Ra7 Nf5 42. g4 b2 43. g5+ Kh5 44. Rxh7+ Nh6 45. Rxh6# 1-0


[Site "https://www.chess.com"]

[Event "Titled Tuesday Blitz March 08 Early 2022"]
[White "Ismayil, Malak"]
[Black "Atakhan, Abtin"]
[WhiteFideId "13412604"]
[BlackFideId "22502203"]
[WhiteElo "1879"]
[BlackElo "2119"]
[Result "0-1"]
[Round "06"]
[TimeControl "180+1"]
[Date "2022.03.09"]
[WhiteClock "0:00:01"]
[BlackClock "0:01:01"]

1. e4 c6 2. d4 d5 3. exd5 cxd5 4. Bd3 Nf6 5. c3 Bg4 6. Qb3 Qc7 7. Ne2 Bxe2 8. Bxe2 Nc6 9. O-O e6 10. h3 Bd6 11. Be3 Ne4 12. Nd2 f5 13. Nxe4 fxe4 14. f3 exf3 15. Bxf3 O-O 16. Rae1 Kh8 17. Bc1 Rae8 18. Bg4 Bg3 19. Rxf8+ Rxf8 20. Rd1 Bf2+ 21. Kh1 Qg3 22. Qc2 Be1 23. Qd3 Qf2 24. Bf3 Qh4 25. Qe2 Bg3 26. Be3 Ne7 27. Bg1 Nf5 28. Qxe6 Bb8 29. Bh2 Ng3+ 30. Bxg3 Qxg3 31. Kg1 h6 32. Kf1 Rxf3+ 33. gxf3 Qxf3+ 34. Ke1 Bf4 35. Qe2 Qh1+ 36. Qf1 Qe4+ 37. Qe2 Bg3+ 38. Kf1 Qh1# 0-1


[Site "https://www.chess.com"]

[Event "Titled Tuesday Blitz March 08 Early 2022"]
[White "Janturin, Artur"]
[Black "Estrada Nieto, Julian"]
[WhiteFideId "4130022"]
[BlackFideId "5101018"]
[WhiteElo "2342"]
[BlackElo "2246"]
[Result "0-1"]
[Round "06"]
[TimeControl "180+1"]
[Date "2022.03.09"]
[WhiteClock "0:00:10"]
[BlackClock "0:00:28"]

1. b3 d5 2. e3 Nf6 3. Bb2 Bg4 4. Be2 Bxe2 5. Qxe2 c6 6. d3 Nbd7 7. Nd2 e5 8. e4 Bd6 9. Ngf3 O-O 10. O-O Re8 11. Rfe1 a5 12. a4 Bb4 13. Red1 Qc7 14. Nf1 d4 15. Bc1 Bc3 16. Ra2 b5 17. Bd2 Bxd2 18. N1xd2 Nc5 19. Rda1 bxa4 20. bxa4 Rab8 21. Nc4 Nfd7 22. Nfd2 Rb4 23. g3 h6 24. h4 Reb8 25. Kg2 Nf8 26. Qg4 Nfe6 27. Qf5 f6 28. Qg6 Nf8 29. Qf5 Qd8 30. Qh5 Kh7 31. Qf5+ g6 32. Qg4 h5 33. Qh3 Kg7 34. Kh2 Nfe6 35. Qg2 Qc7 36. Qf3 Rf8 37. Qg2 f5 38. exf5 Rxf5 39. Ne4 Nxe4 40. Qxe4 Rxf2+ 41. Kg1 Rf5 42. Re1 Nc5 43. Qg2 Rxa4 44. Rb2 Rb4 45. Rxb4 axb4 46. Ra1 Qb7 47. Na5 Qa6 48. Nxc6 Qxa1+ 49. Kh2 Qe1 0-1


[Site "https://www.chess.com"]

[Event "Titled Tuesday Blitz March 08 Early 2022"]
[White "Jaskolka, Tomasz"]
[Black "Sovetbekova, Nurai"]
[WhiteFideId "1170791"]
[BlackFideId "13801910"]
[WhiteElo "2073"]
[BlackElo "1538"]
[Result "1-0"]
[Round "06"]
[TimeControl "180+1"]
[Date "2022.03.09"]
[WhiteClock "0:00:46"]
[BlackClock "0:00:29"]

1. d4 Nf6 2. Bf4 g6 3. Nc3 d5 4. e3 Bg7 5. h4 h5 6. Nf3 c5 7. Nb5 Na6 8. c3 Bd7 9. a4 O-O 10. Be2 b6 11. Ne5 Ne4 12. g4 Bxb5 13. axb5 Nc7 14. gxh5 gxh5 15. Rg1 Kh7 16. Bxh5 Ne6 17. Bxf7 Nxf4 18. exf4 Nf6 19. Qd3+ Ne4 20. Qf3 Nf6 21. Qg3 1-0


[Site "https://www.chess.com"]

[Event "Titled Tuesday Blitz March 08 Early 2022"]
[White "Jobava, Baadur"]
[Black "Zhigalko, Sergei"]
[WhiteFideId "13601520"]
[BlackFideId "13502956"]
[WhiteElo "2617"]
[BlackElo "2662"]
[Result "1-0"]
[Round "06"]
[TimeControl "180+1"]
[Date "2022.03.08"]
[WhiteClock "0:00:17"]
[BlackClock "0:00:03"]

1. e4 c5 2. Nf3 Nc6 3. Bb5 Nf6 4. d3 Qa5+ 5. Nc3 Nd4 6. Bc4 b5 7. Bd5 Rb8 8. O-O e6 9. Bb3 Nxb3 10. cxb3 b4 11. Ne2 Ba6 12. Re1 d6 13. e5 dxe5 14. Nxe5 Qc7 15. Nc4 Rd8 16. Bf4 Qc6 17. a3 Be7 18. axb4 cxb4 19. Ne5 Qb5 20. Be3 Qxe5 21. Rxa6 Ng4 22. Bf4 Qxb2 23. h3 Nf6 24. d4 Rc8 25. Qd3 O-O 26. Rxa7 Nd5 27. Be5 Rc2 28. Qg3 Bf6 29. Bxf6 Nxf6 30. Nf4 Rc3 31. Re3 Qxb3 32. Nxe6 Qxe6 33. Rxe6 Rxg3 34. Rxf6 gxf6 35. fxg3 Rb8 36. Ra2 Kf8 37. Kf2 Ke7 38. Ke3 Kd6 39. Ke4 b3 40. Ra6+ Kc7 41. Ra1 Kd6 42. Ra6+ Kc7 43. Ra1 b2 44. Rb1 Kd6 45. g4 Rb3 46. h4 Ke6 47. h5 h6 48. d5+ Kd6 49. Kf5 Kxd5 50. Kxf6 Kd4 51. g5 hxg5 52. Kxf7 Kc3 53. h6 Kc2 54. Rxb2+ Kxb2 55. h7 Rb8 56. Kg6 Rh8 57. g4 Kc3 58. Kg7 Rb8 59. h8=Q Rxh8 60. Kxh8 Kd4 61. Kg7 Ke5 62. Kg6 1-0


[Site "https://www.chess.com"]

[Event "Titled Tuesday Blitz March 08 Early 2022"]
[White "Kanyamarala, Trisha"]
[Black "Flis, Pawel"]
[WhiteFideId "45004722"]
[BlackFideId "1112864"]
[WhiteElo "2047"]
[BlackElo "1735"]
[Result "1-0"]
[Round "06"]
[TimeControl "180+1"]
[Date "2022.03.09"]
[WhiteClock "0:00:03"]
[BlackClock "0:00:28"]

1. c4 Nf6 2. Nc3 g6 3. g3 d6 4. Bg2 Bg7 5. Nf3 O-O 6. O-O Nc6 7. d3 e5 8. Rb1 a5 9. a3 h6 10. b4 axb4 11. axb4 Be6 12. b5 Ne7 13. Bd2 Qd7 14. Qc1 Kh7 15. Re1 Bh3 16. e4 Nh5 17. Nd5 Bxg2 18. Kxg2 f5 19. h3 fxe4 20. dxe4 Nxd5 21. cxd5 Qf7 22. Qc3 Ra2 23. Re2 Rfa8 24. Rb3 Rf8 25. Re1 g5 26. Bxg5 Qxf3+ 27. Qxf3 Rxf3 28. Rxf3 hxg5 29. Rf7 Rc2 30. Ra1 Kg6 31. Rd7 Nf6 32. Re7 Nxe4 33. Kf3 Nxf2 34. Ra7 Nxh3 35. Rxb7 Rc3+ 36. Kg2 Bf6 37. Rbxc7 g4 38. Rxc3 e4 39. b6 Bxc3 40. Re6+ Kf5 41. b7 e3 42. b8=Q Bf6 43. Qf8 Kg5 44. Qxf6+ Kh5 45. Qh6# 1-0


[Site "https://www.chess.com"]

[Event "Titled Tuesday Blitz March 08 Early 2022"]
[White "Kett, Tim"]
[Black "Rottenwohrer Suarez, Juan"]
[WhiteFideId "1801210"]
[BlackFideId "32068182"]
[WhiteElo "2098"]
[BlackElo "2158"]
[Result "0-1"]
[Round "06"]
[TimeControl "180+1"]
[Date "2022.03.09"]
[WhiteClock "0:00:01"]
[BlackClock "0:00:25"]

1. e4 c5 2. Nf3 g6 3. d4 cxd4 4. Nxd4 Nc6 5. Nc3 Bg7 6. Be3 Nf6 7. Bc4 O-O 8. Bb3 d6 9. f3 Bd7 10. Qd2 Nxd4 11. Bxd4 b6 12. O-O-O a5 13. Nd5 Nxd5 14. Bxd5 Rc8 15. Bxg7 Kxg7 16. Qd4+ Kg8 17. h4 Qc7 18. Rd2 Qc5 19. h5 e6 20. hxg6 fxg6 21. Bb7 Rc7 22. Ba6 Rc6 23. a4 e5 24. Qxc5 Rxc5 25. Rxd6 Bxa4 26. c3 Rc6 27. Rxc6 Bxc6 28. Rd1 Rf6 29. Rd8+ Kg7 30. Bc4 h5 31. Kd2 g5 32. Kd3 Rf4 33. Bd5 Bb5+ 34. c4 Ba4 35. Rb8 Rf6 36. c5 bxc5 37. Kc4 g4 38. fxg4 hxg4 39. Rg8+ Kh7 40. Rxg4 Rf2 41. Kxc5 Rxb2 42. Kd6 Bd1 43. Rg5 a4 44. Kxe5 a3 45. Kf6 a2 46. Rg7+ Kh6 47. Bxa2 Rb6+ 48. Kf5 Kxg7 49. e5 Kf8 50. g4 Ke7 51. Bd5 Rb4 52. g5 Bg4+ 53. Kg6 Rb5 0-1


[Site "https://www.chess.com"]

[Event "Titled Tuesday Blitz March 08 Early 2022"]
[White "Khabinets, Ivan"]
[Black "Dejmek, Mark"]
[WhiteFideId "14115980"]
[BlackFideId "2017628"]
[WhiteElo "2114"]
[BlackElo "2238"]
[Result "1-0"]
[Round "06"]
[TimeControl "180+1"]
[Date "2022.03.09"]
[WhiteClock "0:01:07"]
[BlackClock "0:00:01"]

1. Nf3 Nf6 2. c4 e6 3. g3 d5 4. Bg2 dxc4 5. Qa4+ Bd7 6. Qxc4 Bc6 7. d4 Be7 8. O-O O-O 9. Nc3 Ne4 10. Ne5 Nxc3 11. Nxc6 Nxe2+ 12. Qxe2 Nxc6 13. Be3 Nb4 14. Bxb7 Rb8 15. Be4 Nd5 16. Rac1 Bf6 17. Rfd1 Qe7 18. Bxd5 exd5 19. b3 Rfe8 20. Rc6 Rb6 21. Qc2 Qe4 22. Qxe4 dxe4 23. Rxc7 Ra6 24. d5 Rd8 25. Rxa7 Rad6 26. Bf4 Rxd5 27. Rxd5 Rxd5 28. Ra8+ Rd8 29. Rxd8+ Bxd8 30. b4 g5 31. Bd6 f5 32. b5 Bb6 33. a4 Kf7 34. Bb4 Ke6 35. a5 Bd4 36. b6 Kd7 37. b7 Kc7 38. a6 Ba7 39. Ba5+ Kb8 40. Kf1 h5 41. Ke2 g4 42. Bd8 Bc5 43. Bf6 Bd6 44. Bd4 1-0


[Site "https://www.chess.com"]

[Event "Titled Tuesday Blitz March 08 Early 2022"]
[White "Khismatullin, Denis"]
[Black "Sadhwani, Raunak"]
[WhiteFideId "4142578"]
[BlackFideId "35093487"]
[WhiteElo "2543"]
[BlackElo "2616"]
[Result "0-1"]
[Round "06"]
[TimeControl "180+1"]
[Date "2022.03.08"]
[WhiteClock "0:00:13"]
[BlackClock "0:00:19"]

1. c4 e5 2. Nf3 e4 3. Nd4 Nc6 4. Nxc6 dxc6 5. Nc3 Nf6 6. e3 Bf5 7. b3 Bd6 8. Bb2 Qd7 9. Be2 O-O-O 10. h3 h5 11. Qc2 h4 12. O-O-O Be5 13. Na4 Rhe8 14. Kb1 Kb8 15. Nc5 Qe7 16. d4 exd3 17. Bxd3 Bxb2 18. Kxb2 Bxd3 19. Nxd3 Ne4 20. b4 Rd6 21. f3 Ng3 22. Rhe1 Red8 23. c5 R6d7 24. e4 a6 25. a3 Rd4 26. Nf2 Qe5 27. Kb3 Qe6+ 28. Kb2 Qe5 29. Kb3 a5 30. Rxd4 Rxd4 31. Rd1 axb4 32. axb4 Qe6+ 33. Ka3 Qd7 34. Rd3 Nh5 35. Qd2 Rxd3+ 36. Qxd3 Qe7 37. Qd4 f6 38. Nd3 g5 39. e5 fxe5 40. Qxe5 Qxe5 41. Nxe5 Nf4 42. Nf7 Ne6 43. Kb3 Kc8 44. Kc3 Kd7 45. Ne5+ Ke7 46. Nd3 Kf6 47. Kd2 Nf4 48. Ne1 Ke5 49. Ke3 Nd5+ 50. Kf2 Nxb4 51. g3 Na6 52. gxh4 gxh4 53. Nd3+ Kd4 54. Nf4 Nxc5 55. Ng6 b5 56. Nxh4 b4 57. Nf5+ Kd3 0-1


[Site "https://www.chess.com"]

[Event "Titled Tuesday Blitz March 08 Early 2022"]
[White "Kim, Sergey"]
[Black "Balint, Vilmos"]
[WhiteFideId "13700570"]
[BlackFideId "718050"]
[WhiteElo "2540"]
[BlackElo "2059"]
[Result "1-0"]
[Round "06"]
[TimeControl "180+1"]
[Date "2022.03.09"]
[WhiteClock "0:01:05"]
[BlackClock "0:01:34"]

1. d4 f5 2. c4 Nf6 3. g3 g6 4. Bg2 Bg7 5. Nf3 O-O 6. O-O d6 7. Nc3 Nc6 8. d5 Ne5 9. Nxe5 dxe5 10. c5 e4 11. Qb3 h6 12. Rd1 Kh7 13. d6 exd6 14. cxd6 c6 15. a4 Qb6 16. Qc4 Bd7 17. a5 Qa6 18. Qb4 Rac8 19. Qc5 Be6 20. Be3 Ra8 21. f3 Nd7 22. Qa3 exf3 23. exf3 c5 24. f4 b6 25. axb6 axb6 26. Bxa8 Qc4 27. Bg2 b5 28. Qa7 b4 29. Na4 Qb3 30. Bf2 c4 31. Nc5 Nxc5 32. Bxc5 Qxb2 33. Bd4 1-0


[Site "https://www.chess.com"]

[Event "Titled Tuesday Blitz March 08 Early 2022"]
[White "Kim, Yoon-Young"]
[Black "Istvanovszki, Martin"]
[WhiteFideId "30908779"]
[BlackFideId "726958"]
[WhiteElo "2109"]
[BlackElo "2345"]
[Result "0-1"]
[Round "06"]
[TimeControl "180+1"]
[Date "2022.03.09"]
[WhiteClock "0:00:02"]
[BlackClock "0:00:33"]

1. Nf3 g6 2. c4 Bg7 3. Nc3 c5 4. e3 Nf6 5. d4 cxd4 6. exd4 d5 7. cxd5 Nxd5 8. Bc4 Nb6 9. Bb3 O-O 10. O-O Bg4 11. d5 a5 12. a3 N8d7 13. h3 Bxf3 14. Qxf3 a4 15. Ba2 Ne5 16. Qe2 Rc8 17. Bg5 Re8 18. Rfe1 Qd7 19. Rad1 Nec4 20. Ne4 Nxb2 21. Rb1 N2c4 22. Rec1 Qxd5 23. Rxb6 Nxb6 24. Bxd5 Nxd5 25. Rxc8 Rxc8 26. Qb5 e6 27. Qxb7 Rf8 28. Nd6 h6 29. Be3 Be5 30. Nc4 Rb8 31. Qxb8+ Bxb8 32. Bxh6 Ba7 33. Bc1 Bc5 34. Kf1 f5 35. f3 Nb6 36. Na5 Kf7 37. Ke2 e5 38. Kd3 Ke6 39. Nb7 Bf8 40. Nd8+ Kd5 41. Nf7 Nc4 42. g4 Bxa3 43. gxf5 gxf5 0-1


[Site "https://www.chess.com"]

[Event "Titled Tuesday Blitz March 08 Early 2022"]
[White "Kirillov, Dmitry"]
[Black "Jaferian, Koosha"]
[WhiteFideId "34180572"]
[BlackFideId "12507440"]
[WhiteElo "2076"]
[BlackElo "2030"]
[Result "0-1"]
[Round "06"]
[TimeControl "180+1"]
[Date "2022.03.09"]
[WhiteClock "0:00:02"]
[BlackClock "0:00:45"]

1. d4 Nf6 2. c4 e6 3. Nf3 b6 4. e3 Bb7 5. Nc3 Bb4 6. Bd3 O-O 7. O-O d5 8. cxd5 Nxd5 9. Qc2 h6 10. e4 Nxc3 11. bxc3 Be7 12. Be3 c5 13. Rad1 cxd4 14. cxd4 Nc6 15. Qe2 Nb4 16. Bb1 Ba6 17. Qe1 Bxf1 18. Qxf1 Rc8 19. e5 Re8 20. a3 Nd5 21. Qd3 g6 22. Bxh6 Rc3 23. Qe4 Rxa3 24. Qg4 Bf8 25. Bg5 Qc7 26. Bf6 Bg7 27. Qh4 Bxf6 28. exf6 Qf4 29. Qh3 Qxf6 30. Qg4 Kg7 31. Ne5 Rh8 32. h3 Rh4 33. Qe2 Nf4 34. Qc2 Qg5 35. g3 Rxh3 36. Qe4 Rhxg3+ 37. fxg3 Rxg3+ 38. Kf1 Rg1+ 39. Kf2 Qg3# 0-1


[Site "https://www.chess.com"]

[Event "Titled Tuesday Blitz March 08 Early 2022"]
[White "Kollars, Dmitrij"]
[Black "Talibov, Shiroghlan"]
[WhiteFideId "12909572"]
[BlackFideId "13429078"]
[WhiteElo "2584"]
[BlackElo "2070"]
[Result "1/2-1/2"]
[Round "06"]
[TimeControl "180+1"]
[Date "2022.03.08"]
[WhiteClock "0:00:08"]
[BlackClock "0:00:05"]

1. Nf3 f5 2. d4 Nf6 3. c4 e6 4. e3 d5 5. b3 c6 6. Be2 Bd6 7. O-O O-O 8. Ba3 Bxa3 9. Nxa3 Qd6 10. Nb1 Nbd7 11. Nc3 Ne4 12. Qc2 b6 13. Rfc1 Bb7 14. Rab1 Rac8 15. b4 Ba8 16. c5 Qe7 17. Nd2 e5 18. Ncxe4 fxe4 19. Nb3 b5 20. Bg4 Rc7 21. Bxd7 Rxd7 22. Qb2 Qg5 23. dxe5 Re7 24. Nd4 Rxe5 25. a4 a6 26. axb5 axb5 27. Ra1 Bb7 28. Ra7 Re7 29. Rca1 Ref7 30. Ne6 Qh5 31. Nxf8 Kxf8 32. h3 h6 33. Qd4 Kg8 34. Qd1 Qf5 35. R1a2 h5 36. Qa1 Kh7 37. Rd2 Kh6 38. Kh1 Kh7 39. Qg1 Qg5 40. Qh2 d4 41. h4 Qg4 42. Ra3 d3 43. Ra7 Qf5 44. Qg3 Bc8 45. Rxf7 Qxf7 46. Qe5 Bf5 47. Kh2 Qg6 48. Ra2 Bg4 49. Ra7 d2 50. Rd7 d1=Q 51. Rxd1 Bxd1 52. Qf4 Bg4 53. f3 exf3 54. gxf3 Be6 55. e4 Qf6 56. Qg3 Qb2+ 57. Kh1 Qc1+ 58. Kh2 Qd2+ 59. Kh1 Qd1+ 60. Kh2 Qc2+ 61. Kh1 Qb1+ 62. Kh2 Qxb4 63. Qe5 Qd2+ 64. Kg3 Qh6 65. Qc7 Qg6+ 66. Kf2 Qf6 67. Qxc6 Qxh4+ 68. Ke3 Qg5+ 69. Kf2 Qf6 70. Qxb5 Qd4+ 71. Kg2 Qe5 72. Qb4 Qg5+ 73. Kh2 h4 74. Qe1 Qf4+ 75. Kg2 h3+ 76. Kf2 h2 77. Kg2 Qh6 78. Kh1 Qh3 79. Qf2 Bc8 80. Qxh2 Kg6 81. Qxh3 Bxh3 82. Kh2 Bc8 83. Kg3 Kf6 84. Kf4 Ke6 85. Kg5 Kf7 86. f4 Bd7 87. f5 Bc6 88. e5 Bd5 89. Kf4 Bc4 90. Ke4 Ba6 91. c6 Ke7 92. Kd5 Bc8 93. e6 g6 94. fxg6 Bxe6+ 95. Ke5 Bc8 96. g7 Kf7 97. Kd6 Kxg7 98. Kc7 Bh3 99. Kd8 Bg4 100. c7 Kf6 101. c8=Q Bxc8 1/2-1/2


[Site "https://www.chess.com"]

[Event "Titled Tuesday Blitz March 08 Early 2022"]
[White "Komiagina, Maria"]
[Black "Brunner, Nicolas"]
[WhiteFideId "4153987"]
[BlackFideId "620246"]
[WhiteElo "1945"]
[BlackElo "2372"]
[Result "1-0"]
[Round "06"]
[TimeControl "180+1"]
[Date "2022.03.09"]
[WhiteClock "0:00:30"]
[BlackClock "0:00:01"]

1. e4 e5 2. Nf3 Nc6 3. Bb5 a6 4. Ba4 Nf6 5. d3 d6 6. O-O g6 7. h3 Bg7 8. Be3 O-O 9. c3 b5 10. Bc2 Bb7 11. a4 b4 12. a5 Rb8 13. Nbd2 Ba8 14. Nc4 Ne7 15. Re1 h6 16. Qd2 Kh7 17. Nh2 b3 18. Bd1 Rb5 19. Ng4 Nxg4 20. hxg4 d5 21. exd5 Nxd5 22. Bf3 Nxe3 23. Qxe3 Re8 24. Be4 Bd5 25. Nd2 Be6 26. Bc6 Rb8 27. Bxe8 Qxe8 28. f3 Qd7 29. Ne4 Qb5 30. Nc5 Bd5 31. c4 Bxc4 32. dxc4 Qxc4 33. Rac1 Qb5 34. Ne4 Qxa5 35. g5 hxg5 36. Nxg5+ Kg8 37. Qe4 Qd2 38. Qh4 Qxb2 39. Qh7+ Kf8 40. Rxc7 Qd4+ 41. Kh1 Qf2 42. Ne6+ 1-0


[Site "https://www.chess.com"]

[Event "Titled Tuesday Blitz March 08 Early 2022"]
[White "Kosakowski, Jakub"]
[Black "Lopez Del Alamo, Antonio"]
[WhiteFideId "1185080"]
[BlackFideId "2227339"]
[WhiteElo "2476"]
[BlackElo "2082"]
[Result "1-0"]
[Round "06"]
[TimeControl "180+1"]
[Date "2022.03.09"]
[WhiteClock "0:00:22"]
[BlackClock "0:00:11"]

1. d4 Nf6 2. c4 g6 3. Nf3 Bg7 4. Nc3 O-O 5. e4 d6 6. Be2 e5 7. Be3 Na6 8. O-O Ng4 9. Bg5 f6 10. Bc1 Nh6 11. Rb1 c6 12. b4 Nf7 13. b5 Nc7 14. a4 c5 15. dxc5 dxc5 16. b6 Ne6 17. Nd5 axb6 18. Nxb6 Ra7 19. Ba3 Re8 20. g3 Bf8 21. Qd5 Qc7 22. Qd3 Nd4 23. Nd5 Qd8 24. Nxd4 exd4 25. Rb6 Be6 26. Rfb1 Bxd5 27. cxd5 Rxa4 28. Qb3 Qa8 29. Bc1 Rd8 30. d6 Bxd6 31. Rxb7 Rf8 32. Bc4 Rxc4 33. Qxc4 1-0


[Site "https://www.chess.com"]

[Event "Titled Tuesday Blitz March 08 Early 2022"]
[White "Krylov, Ivan"]
[Black "Quirke, Jeffrey"]
[WhiteFideId "24128066"]
[BlackFideId "2013029"]
[WhiteElo "2258"]
[BlackElo "2119"]
[Result "0-1"]
[Round "06"]
[TimeControl "180+1"]
[Date "2022.03.09"]
[WhiteClock "0:00:17"]
[BlackClock "0:00:11"]

1. e4 c5 2. Nf3 e6 3. c3 Nf6 4. e5 Nd5 5. d4 cxd4 6. cxd4 d6 7. Nc3 Nxc3 8. bxc3 Qc7 9. Bd2 Nd7 10. Bb5 b6 11. O-O Bb7 12. Rc1 Be7 13. exd6 Bxd6 14. h3 O-O 15. Ng5 h6 16. Nf3 Nf6 17. Bd3 Rac8 18. Re1 Rfd8 19. Bb1 Bf4 20. Bxf4 Qxf4 21. Ne5 Qg5 22. g3 h5 23. h4 Qh6 24. Qe2 Rxd4 25. Nxf7 Kxf7 26. Qxe6+ Kf8 27. Qe7+ Kg8 28. Qxb7 Rdc4 29. Bf5 R4c7 30. Qf3 Rf8 31. Qd3 Kh8 32. Bg6 Ng4 33. Re2 Rc6 34. Rce1 Rxg6 35. Qc2 Rgf6 36. Qb2 Nxf2 37. Rxf2 Rxf2 38. Qxf2 Rxf2 39. Re8+ Kh7 40. Kxf2 Qd2+ 41. Kf3 Qxc3+ 42. Re3 Qf6+ 43. Ke2 Qb2+ 44. Kf3 Qxa2 45. Rd3 Qc4 46. Re3 Qd5+ 47. Re4 Qxe4+ 48. Kxe4 b5 49. Kd4 a6 50. Kc5 Kg6 51. Kb6 b4 52. Kxa6 b3 53. Kb6 b2 54. Kc6 b1=Q 55. Kd5 Qc2 56. Ke5 Qg2 57. Kf4 Qf2+ 58. Ke4 Qxg3 59. Kd4 Qxh4+ 60. Kd5 Qg4 61. Kc5 h4 62. Kb5 h3 63. Kc5 h2 64. Kb5 h1=Q 65. Kc5 Qhf3 66. Kb5 Qff5+ 67. Kb6 Qb4+ 68. Kc6 Qf6+ 69. Kd7 Qbd6+ 70. Kc8 Qff8+ 71. Kb7 Qfe7+ 72. Kc8 Qdd8# 0-1


[Site "https://www.chess.com"]

[Event "Titled Tuesday Blitz March 08 Early 2022"]
[White "Krysa, Leandro"]
[Black "Jumabayev, Rinat"]
[WhiteFideId "116807"]
[BlackFideId "13702661"]
[WhiteElo "2490"]
[BlackElo "2561"]
[Result "0-1"]
[Round "06"]
[TimeControl "180+1"]
[Date "2022.03.08"]
[WhiteClock "0:00:00"]
[BlackClock "0:00:07"]

1. e4 e6 2. d4 d5 3. e5 c5 4. c3 Nc6 5. Nf3 Bd7 6. Bd3 cxd4 7. O-O dxc3 8. Nxc3 Nge7 9. Re1 a6 10. h4 h6 11. h5 Nc8 12. Bf4 Be7 13. Rc1 Nb6 14. Bb1 Rc8 15. Qe2 Nc4 16. Red1 Qa5 17. a3 b5 18. Nd2 Nxb2 19. Re1 Qxa3 20. Qg4 Rg8 21. Bh7 Rf8 22. Qxg7 Nd4 23. Ndb1 Qa5 24. Bxh6 b4 25. Ne2 Nxe2+ 26. Rxe2 Rxc1+ 27. Bxc1 Nc4 28. h6 Qa1 29. Bd3 Bb5 30. h7 Na3 31. Bxb5+ axb5 32. h8=Q Rxh8 33. Qxh8+ Kd7 34. Qh7 Qxb1 35. Qh6 Nc4 0-1


[Site "https://www.chess.com"]

[Event "Titled Tuesday Blitz March 08 Early 2022"]
[White "Kuderinov, Kirill"]
[Black "Iskusnyh, Sergei"]
[WhiteFideId "13701568"]
[BlackFideId "4120027"]
[WhiteElo "2432"]
[BlackElo "2492"]
[Result "1-0"]
[Round "06"]
[TimeControl "180+1"]
[Date "2022.03.09"]
[WhiteClock "0:00:17"]
[BlackClock "0:00:01"]

1. e4 e6 2. d4 d5 3. Nc3 Nf6 4. e5 Nfd7 5. f4 c5 6. Nf3 Nc6 7. Be3 Rb8 8. Qd2 Qa5 9. Be2 b5 10. O-O b4 11. Nd1 Ba6 12. Nf2 cxd4 13. Nxd4 Nxd4 14. Bxd4 Bxe2 15. Qxe2 Bc5 16. Bxc5 Qxc5 17. Kh1 O-O 18. Nd3 Qc4 19. f5 exf5 20. e6 Qe4 21. exf7+ Rxf7 22. Qf2 d4 23. Rae1 Qd5 24. Nf4 Qxa2 25. Qxd4 Nf6 26. Ne6 Ne4 27. Nd8 Rf6 28. Ra1 Rd6 29. Qxd6 Nxd6 30. Rxa2 Rxd8 31. Rd1 Re8 32. Rxa7 Ne4 33. Kg1 h6 34. Rdd7 Ng5 35. Rxg7+ Kh8 36. Rge7 Rd8 37. Rad7 Rc8 38. h4 Ne4 39. Rc7 Rd8 40. Re5 Ng3 41. Kh2 Nf1+ 42. Kh3 f4 43. Rf5 1-0


[Site "https://www.chess.com"]